 Dungeon Crawl Stone Soup version 0.22.0-16-gc6d26f6 (webtiles) character file.

43 JamisonTSwartz the Grasshopper (level 3, 0/27 HPs)
             Began as a Demonspawn Warper on Aug 17, 2018.
             Slain by Grinder (1 damage)
             ... on level 3 of the Dungeon.
             The game lasted 00:07:03 (1771 turns).

JamisonTSwartz the Grasshopper (Demonspawn Warper)  Turns: 1771, Time: 00:07:04

Health: 0/27       AC:  6    Str: 13 (16) XL:     3   Next: 37%
Magic:  0/6        EV: 12    Int: 13 (15) God:
Gold:   105        SH:  0    Dex:  9 (12) Spells: 7/7 levels left

rFire    . . .     SeeInvis .   a - +0 falchion
rCold    . . .     Gourm    .   (no shield)
rNeg     . . .     Faith    .   b - +1 leather armour
rPois    +         Spirit   +   i - +2 hat
rElec    .         Reflect  .   (no cloak)
rCorr    .         Harm     .   (no gloves)
MR       .....                  (no boots)
Stlth    +.........             (no amulet)
HPRegen  0.09/turn              g - ring of poison resistance
MPRegen  0.10/turn              (no ring)

@: mighty
A: magic shield
a: no special abilities


You were on level 3 of the Dungeon.
You were not hungry.

You visited 1 branch of the dungeon, and saw 3 of its levels.

You collected 105 gold pieces.

Inventory:

Hand Weapons
 a - a +0 falchion (weapon)
Missiles
 e - 5 tomahawks of dispersal (quivered)
Armour
 b - a +1 leather armour (worn)
 i - a +2 hat (worn)
Jewellery
 g - a ring of poison resistance (left hand)
Scrolls
 d - a scroll of blinking
Potions
 c - a potion of degeneration
 j - a potion of mutation {unknown}
 l - a potion of haste {unknown}
Comestibles
 f - 4 rations


   Skills:
 * Level 2.3 Fighting
 * Level 2.3 Long Blades
 + Level 0.8 Throwing
 * Level 1.2 Armour
 * Level 2.2 Dodging
 * Level 2.5 Spellcasting
   Level 2.6 Translocations


You had 7 spell levels left.
You didn't know any spells.
Your spell library contained the following spells:

 Spells                   Type           Power        Failure   Level  Hunger
 Teleport Other           Tloc           #.......     30%         3    ###....
 Blink                    Tloc           N/A          16%         2    ###....
 Passage of Golubria      Tloc           N/A          71%         4    #####..
 Shroud of Golubria       Chrm/Tloc      #.........   26%         2    ###....
 Gell's Gravitas          Tloc           #.........   30%         3    ###....
 Lesser Beckoning         Tloc           #.........   30%         3    ###....


Dungeon Overview and Level Annotations

Branches:
Dungeon (3/15)

Altars:

Annotations:
D:3 Grinder


Innate Abilities, Weirdness & Mutations

When hurt, damage is shared between your health and your magic reserves.


Message History

You kill the hobgoblin!
Grinder gestures at you.
You suddenly lose the ability to move!
Grinder blinks!
Grinder says, "Just stop there for a second..."
Grinder hits you.
You writhe in agony.
* * * LOW HITPOINT WARNING * * *
You can move again.
You see here a hand axe.
Unknown command.
It was a potion of degeneration.
There was something very wrong with that liquid.
You feel weakened.
You feel dopey.
You feel clumsy. Grinder barely misses you.
It was a potion of might.
You feel very mighty all of a sudden. Grinder hits you!
* * * LOW HITPOINT WARNING * * *
You writhe in agony.
You die...

### ..# #.# ########.#
### .......@.# ..#
.......5.# #.#
...#####.# #.# . #.#
#.# #.# #.# #.#
####.######. #.#
#..<........
######.####.##.#######
#..............#


You could see Grinder.

Vanquished Creatures
  2 oozes (D:2)
  2 worms (D:2)
  5 hobgoblins
  6 kobolds
  A quokka (D:2)
  4 bats
  A frilled lizard (D:1)
  A goblin (D:1)
  6 rats
28 creatures vanquished.

Notes
Turn   | Place    | Note
-------+----------+-------------------------------------------
     0 | D:1      | JamisonTSwartz the Demonspawn Warper began the quest for the Orb.
     0 | D:1      | Reached XP level 1. HP: 16/16 MP: 3/3
   308 | D:1      | Gained mutation: When hurt, damage is shared between your health and your magic reserves. [demonic ancestry]
   308 | D:1      | Reached XP level 2. HP: 13/22 MP: 5/5
   816 | D:2      | Reached skill level 1 in Armour
  1141 | D:2      | Reached XP level 3. HP: 25/27 MP: 3/6
  1441 | D:3      | Noticed Grinder
  1450 | D:3      | Paralysed by Grinder for 5 turns
  1461 | D:3      | Paralysed by Grinder for 7 turns
  1765 | D:3      | Paralysed by Grinder for 5 turns
  1771 | D:3      | HP: 1/27 [Grinder (7)]
  1771 | D:3      | Slain by Grinder

Skill      XL: |  1  2 |
---------------+-------+-----
Long Blades    | 2 |  2.3
Dodging        | 2 |  2.2
Armour         | 1 |  1.2
Fighting       | |  2.3
Throwing       | |  0.8
Spellcasting   | |  2.5
Translocations | |  2.6

Action                   || total
-------------------------++-------
Melee: Falchion          ||   120
  Use: Scroll            ||     7
       Potion            ||     3
  Eat: Ration            ||     2
Armor: Leather armour    ||    40
Dodge: Dodged            ||    82
       Rpst.: Falchion   ||    29
